 Dungeon Crawl Stone Soup version 0.10.0-32-gfa280cc character file.

2143435 splash the Centaur Porcupine (level 27, 248/248 (260) HPs)
             Began as a Centaur Abyssal Knight on Apr 9, 2012.
             Was a Priest of Lugonu.
             Escaped with the Orb
             ... and 5 runes on Apr 11, 2012!
             The game lasted 13:48:11 (130917 turns).

splash the Centaur Porcupine (CeAK)               Turns: 130917, Time: 13:48:11

HP 248/248 (260) AC 38     Str 26      XL: 27
MP  33/33        EV 13     Int 11      God: Lugonu [***...]
Gold 3968        SH  0     Dex 14      Spells:  3 memorised, 31 levels left

Res.Fire  : + + +   See Invis. : +   a - +4,+12 Glaive of Prune {chop}
Res.Cold  : + + .   Warding    : . . g - +3 plate armour of Light {rPois rF+}
Life Prot.: . . .   Conserve   : +   (no shield)
Res.Acid. : + . .   Res.Corr.  : +   O - +1 helmet "Babub" {+Inv rF++ rC++}
Res.Poison: +       Clarity    : .   p - +0 elf cloak {rCorr, Cons}
Res.Elec. : +       Spirit.Shd : .   E - +1 pair of dwarf gauntlets {Str+3}
Sust.Abil.: . .     Stasis     : .   z - +4 centaur barding
Res.Mut.  : .       Ctrl.Telep.: x   d - cursed amulet of the Air {cFly +Lev rElec Res.Rott. : . Levitation : . J - ring of see invisible Saprovore : . . . Ctrl.Flight: + i - +6,+5 ring of slaying

@: very quick, quite resistant to hostile enchantments, extremely unstealthy
A: hooves 3, berserk 1, deformed body, deterioration 1, herbivore 1, speed 2,
fast metabolism 1, mutation resistance 1, tough skin 3
a: Depart the Abyss, Bend Space, Banish, Renounce Religion, Evoke Invisibility,
Evoke Levitation
}: 5/15 runes: decaying, serpentine, silver, golden, abyssal


You escaped.
You worshipped Lugonu.
Lugonu was greatly pleased with you.
You were very full.

You visited 13 branches of the dungeon, and saw 78 of its levels.
You visited the Abyss 4 times.
You visited 1 Labyrinth.
You visited 4 portal chambers: sewer, ice cave, wizlab, trove.

You collected 10697 gold pieces.
You spent 6749 gold pieces at shops.

Inventory:

Hand weapons
 a - the +4,+12 Glaive of Prune (weapon) {chop}
   (You bought it in a shop on level 4 of the Orcish Mines)

   It inflicts extra damage upon your enemies.
 b - the +17,+17 Wyrmbane (quivered) {slay drac, +Rage rPois rF+ AC+5}
   (You found it in a treasure trove)

   This legendary weapon is deadly to all dragonkind.
   It also provides some protection from the breath attacks of dragons and other
   creatures.
   It affects your AC (+5).
   It protects you from fire.
   It protects you from poison.
   It lets you go berserk.
Missiles
 L - 7 curare-tipped +0 needles
Armour
 g - the +3 plate armour of Light (worn) {rPois rF+}
   (You found it on level 8 of the Vaults)

   It protects you from fire.
   It protects you from poison.
 p - a +0 elven cloak of preservation (worn)
 z - a +4 centaur barding (worn)
 E - a +1 pair of dwarven gauntlets of strength (worn)
 O - the +1 helmet "Babub" (worn) {+Inv rF++ rC++}
   (You found it on level 1 of the Lair of Beasts)

   It greatly protects you from fire.
   It greatly protects you from cold.
   It lets you turn invisible.
Magical devices
 h - a wand of cold (6)
 v - a wand of digging (2)
 M - a wand of disintegration (9)
 P - a wand of heal wounds (6)
 X - a wand of teleportation (7)
Comestibles
 u - a bread ration
Scrolls
 e - 5 scrolls of identify
 j - 3 scrolls of teleportation
 m - a scroll of vorpalise weapon
 n - 2 scrolls of detect curse
 o - 3 scrolls of remove curse
 r - a scroll of silence
 H - a scroll of recharging
Jewellery
 c - an uncursed ring of life protection
 d - the cursed amulet of the Air (around neck) {cFly +Lev rElec EV+3 Stlth++}
   (You found it on level 5 of the Crypt)

   [amulet of controlled flight]

   It affects your evasion (+3).
   It insulates you from electricity.
   It lets you levitate.
   It makes you much more stealthy.
   It has a curse placed upon it.
 i - a +6,+5 ring of slaying (left hand)
 t - a cursed amulet of clarity
 w - a cursed amulet of stasis
 x - a cursed ring of sustenance
 I - an uncursed amulet of warding
 J - a ring of see invisible (right hand)
 Q - an uncursed ring of teleport control
Potions
 k - a potion of heal wounds
 s - 10 potions of curing
 A - 6 potions of restore abilities
 B - 2 potions of might
 C - a potion of magic
 D - a potion of resistance
 F - 2 potions of invisibility
 G - 3 potions of berserk rage
 N - a potion of brilliance
 Z - a potion of agility
Books
 l - a book of Callings

   Spells                             Type                      Level
   Summon Small Mammals               Summoning                    1
   Call Imp                           Summoning                    2
   Call Canine Familiar               Summoning                    3
   Summon Scorpions                   Summoning/Poison             4
   Summon Ice Beast                   Ice/Summoning                4
Magical staves
 f - a cursed +9 rod of destruction [inacc,magma,cold] (12/12)
   (You found it on level 8 of the Vaults)
Orbs of Power
 q - the Orb of Zot


   Skills:
 + Level 25.4 Fighting
 O Level 27 Polearms
 + Level 5.3 Throwing
 * Level 19.1 Armour
 + Level 16.4 Dodging
 + Level 4.2 Stealth
 + Level 4.9 Stabbing
 + Level 8.4 Traps & Doors
 + Level 5.4 Spellcasting
 - Level 4.5 Hexes
 - Level 7.0 Summonings
 - Level 13.3 Invocations
 + Level 6.6 Evocations


You had 31 spell levels left.
You knew the following spells:

 Your Spells              Type           Power        Failure   Level  Hunger
a - Corona                Hex            ###.....     34%         1    None
b - Abjuration            Summ           ####......   38%         3    Choko
c - Apportation           Tloc           #.........   99%         1    None


Dungeon Overview and Level Annotations

Branches:
Dungeon (27/27)            Temple (1/1) D:7             Orc (4/4) D:7
    Elf (5/5) Orc:3          Lair (8/8) D:13          Swamp (5/5) Lair:4
  Slime (0/6) Lair:7        Snake (5/5) Lair:6        Vault (8/8) D:19
  Blade (1/1) Vault:6       Crypt (5/5) Vault:3        Tomb (3/3) Crypt:3
   Hell (1/1)                 Zot (5/5) D:27
    Dis: Hell:1         Geh: Hell:1         Coc: Hell:1         Tar: Hell:1

Altars:
Ashenzari
Cheibriados
Elyvilon
Fedhas
Kikubaaqudgha
Makhleb
Nemelex Xobeh
Okawaru
Sif Muna
The Shining One
Trog
Vehumet
Xom
Yredelemnul
Zin
Beogh
Jiyva

Shops:
D:10: * D:21: [[[( D:22: + D:25: +! Orc:2: * Orc:3: [ Orc:4: (*[* Elf:1: * Elf:4: = Elf:5: * Snake:1: [ Snake:2: +

Portals:
Hell: D:21 D:22 D:23 D:24 D:25 D:26 D:27
Abyss: D:23 D:25 D:26
Pan: D:24
Ziggurat: D:12 (4060 gp)


Innate Abilities, Weirdness & Mutations

You have hooves in place of feet.
Armour fits poorly on your strangely shaped body.
You digest meat inefficiently.
You cover ground very quickly.
You have a fast metabolism.
You have extremely tough skin (AC +3).
You tend to lose your temper in combat.
Your body is slowly deteriorating.
You are somewhat resistant to further mutation.


Message History

You sense a powerful magical force warping space.
There is a stone staircase leading down here.
There is an open door here.
There is an open door here.
A bat comes into view.
The bat barely misses you.
You slice the bat!!
You kill the bat!
Lugonu accepts your kill.
No target in view!
You see here a bat corpse.
There is an open door here.
There is a stone staircase leading up here.
You climb upwards.
You sense a powerful magical force warping space.
There is a stone staircase leading down here.
There is an open door here.
There is a staircase leading out of the dungeon here.
Are you sure you want to win?
You have escaped!

#.# #.# #.# #.# #.# #.#
#<# #.# #.# #.# #.# #.#
#.####.########
#.#..#.##....)#
#.#.@#.##.(...#
#.'###........#
#.....>##.#####
###.#####.# #.# #.#
###############.#####.#
....................#.#
###############.###.#.#
#.# #.#.#


There were no monsters in sight!

Vanquished Creatures
  8 ancient liches
  Khufu (Crypt:1)
  An orb of fire (Zot:5)
  31 greater mummies
  Saint Roka (Crypt:2)
  Boris (twice) (Crypt:5 D:22)
  2 curse toes
  Mara (Snake:5)
  Margery (D:22)
  Geryon (Hell)
  4 golden dragons
  An illusory Mara (Snake:5)
  An electric golem (Zot:5)
  Xtahua (Swamp:5)
  Frederick (Swamp:5)
  6 liches
  Nikola (D:17)
  2 hellephants (Abyss)
  12 Orb Guardians (Zot:5)
  7 titans
  A ghost moth (Zot:5)
  Murray (Hell)
  A deep elf blademaster (Elf:5)
  A quicksilver dragon (Vault:8)
  10 sphinxes
  8 storm dragons
  6 shadow dragons
  Agnes (Vault:3)
  A daeva (Abyss)
  Frances (Swamp:5)
  5 ghouls
  A draconian monk (Abyss)
  Aizul (Swamp:2)
  A balrug (Abyss)
  An Executioner (Abyss)
  Donald (Swamp:3)
  An iron dragon (Vault:8)
  A draconian scorcher (Zot:4)
  5 bone dragons
  An orc warlord (Vault:6)
  5 frost giants
  Wiglaf (Snake:1)
  2 draconian knights
  5 fire giants
  2 draconian zealots (Zot:5)
  An azure jelly (shapeshifter) (Vault:8)
  Maud (Lair:2)
  10 tentacled monstrosities
  Gastronok (D:8)
  A quicksilver dragon zombie (Crypt:3)
  A draconian shifter (Zot:5)
  A stone giant (shapeshifter) (D:27)
  3 draconian annihilators
  58 stone giants
  A purple draconian (Zot:1)
  11 deep elf annihilators (Elf:5)
  A grey draconian (Zot:5)
  2 greater nagas (Snake:5)
  2 deep elf death magi (Elf:5)
  2 black draconians
  An anaconda (shapeshifter) (Vault:8)
  A mottled draconian (Abyss)
  3 yellow draconians
  10 reapers
  4 deep elf master archers (Elf:5)
  15 deep elf sorcerers
  5 dire elephants (Abyss)
  A blizzard demon (Abyss)
  A minotaur (Lab)
  15 ettins
  18 mummy priests
  5 anacondas
  48 yaktaur captains
  2 storm dragon zombies
  3 death cobs
  24 vault guards (Vault:7)
  3 storm dragon skeletons
  6 great orbs of eyes
  4 dragons
  A siren (shapeshifter) (D:27)
  6 ice dragons
  2 ice dragons (shapeshifter)
  Harold (Lair:2)
  3 deep elf demonologists (Elf:5)
  12 ogre magi
  31 dancing weapons (Blade)
  Erica (D:16)
  30 hydras
  10 alligators
  Nessos (D:17)
  2 shadow dragon zombies
  2 golden dragon skeletons
  3 rakshasas (Abyss)
  A frost giant zombie (Crypt:3)
  A death yak (shapeshifter) (Vault:8)
  17 death yaks
  An alligator (shapeshifter) (D:16)
  2 fire giant zombies
  4 deep elf high priests (Elf:5)
  2 shadow dragon skeletons
  3 hell hogs (Abyss)
  3 stone giant zombies
  39 deep trolls
  22 centaur warriors
  4 sun demons
  6 orc high priests (Orc:4)
  2 iron golems
  3 sphinx skeletons
  A frost giant skeleton (Crypt:1)
  A deep dwarf death knight (Abyss)
  3 fire giant skeletons
  8 stone giant skeletons
  86 skeletal warriors
  19 deep elf knights
  A shadow demon (Abyss)
  6 ice devils
  9 very ugly things
  6 giant orange brains
  4 unseen horrors
  3 pale draconian zombies
  A sea snake zombie (Crypt:5)
  8 iron trolls
  A shadow wraith (D:23)
  A green draconian zombie (Abyss)
  10 soul eaters
  14 flayed ghosts
  3 white draconian zombies
  7 naga warriors
  3 elf zombies
  16 large abominations
  5 hell knights
  A red draconian zombie (Abyss)
  A giant amoeba (D:18)
  An alligator snapping turtle skeleton (Abyss)
  An ice statue (Port)
  4 hellions
  4 swamp dragons
  A giant amoeba (shapeshifter) (D:27)
  2 sea snake skeletons
  A purple draconian zombie (Abyss)
  2 vampire magi
  2 iron troll zombies
  4 black draconian skeletons
  4 catoblepae
  Pikel (D:4)
  A red draconian skeleton (Abyss)
  A pale draconian skeleton (Crypt:3)
  A yellow draconian skeleton (Abyss)
  7 orc sorcerers
  A white draconian skeleton (Abyss)
  A green draconian skeleton (Abyss)
  A grey draconian skeleton (Crypt:2)
  3 flaming corpses
  4 guardian serpents
  A purple draconian skeleton (Tomb:1)
  Urug (D:13)
  2 iron troll skeletons
  7 harpies
  A harpy (shapeshifter) (D:23)
  The ghost of Nada the Basher, an experienced TeNe of Vehumet (D:8)
  The ghost of Froggeryz the Fighter, a powerful NaTm of Yredelemnul (Lab)
  A hydra skeleton (Crypt:2)
  A guardian serpent (shapeshifter) (Vault:8)
  10 phantasmal warriors
  5 necromancers
  4 red wasps
  An oklob plant (Orc:2)
  A siren skeleton (Abyss)
  5 red wasp zombies
  2 spiny worms
  12 hill giants
  An ice dragon zombie (Zot:5)
  5 moths of wrath
  7 sixfirhies
  7 griffons
  2 cyclopes (shapeshifter)
  Nergalle (D:14)
  3 trapdoor spider zombies
  3 death drake skeletons
  4 catoblepas skeletons
  A fire crab (Vault:1)
  An alligator zombie (Crypt:3)
  10 feature mimics
  A guardian serpent zombie (Hell)
  2 trapdoor spiders
  2 wolf spiders
  2 dragon zombies
  A slime creature (shapeshifter) (Vault:8)
  3 yaktaurs (shapeshifter)
  8 cyclopes
  19 eyes of devastation (D:21)
  2 spriggan zombies (Crypt:4)
  29 hellwings
  12 orange demons
  An alligator skeleton (Crypt:4)
  59 yaktaurs
  79 guardian mummies
  2 hill giant zombies
  4 ettin skeletons
  A griffon skeleton (D:15)
  2 ice dragon skeletons
  A tormentor (Abyss)
  A spiny worm zombie (D:25)
  25 orc knights
  11 rock trolls
  A rock troll (shapeshifter) (Vault:1)
  11 spiny frogs
  An eye of devastation (shapeshifter) (Vault:8)
  17 naga magi
  A black mamba skeleton (Tomb:1)
  3 elephant slugs
  69 slime creatures
  3 wandering mushrooms
  95 ugly things
  8 komodo dragons
  An iron devil (Elf:5)
  14 smoke demons
  3 elves (shapeshifter)
  A silent spectre (Abyss)
  Prince Ribbit (D:5)
  An agate snail zombie (D:17)
  19 black mambas
  3 spriggans (shapeshifter)
  A two-headed ogre (shapeshifter) (Elf:3)
  A harpy simulacrum (Crypt:3)
  A polar bear (shapeshifter) (Vault:8)
  12 trolls
  Sonja (Orc:3)
  6 bog mummies
  2 queen bees
  2 trapdoor spider simulacra
  18 elephants
  25 two-headed ogres
  2 rock troll zombies
  A troll (shapeshifter) (D:26)
  A snapping turtle (shapeshifter) (Vault:8)
  29 blink frogs
  2 baby alligators (Swamp:2)
  A blink frog (shapeshifter) (Vault:8)
  3 rock troll skeletons
  A raven (shapeshifter) (D:14)
  A spiny frog skeleton (Tomb:1)
  3 blue devils
  A snapping turtle skeleton (Abyss)
  6 deep troll skeletons
  10 vampires
  A basilisk (shapeshifter) (Vault:2)
  A swamp dragon zombie (Crypt:3)
  2 rotting hulks
  A basilisk (Lair:2)
  4 elf simulacra (Port)
  3 hairy devils
  4 demonic crawlers (Abyss)
  5 merfolk (shapeshifter)
  24 wraiths
  65 yaks
  4 chaos spawn
  15 hell beasts
  5 redback zombies
  3 metal gargoyles
  12 golden eyes (Abyss)
  3 hungry ghosts
  13 neqoxecs
  A polar bear (Lair:7)
  Eustachio (D:4)
  A blink frog zombie (D:10)
  16 deep elf conjurers
  A fire drake zombie (Crypt:3)
  A lindwurm skeleton (Abyss)
  13 ynoxinuls
  5 fire crab zombies (D:19)
  5 hippogriffs
  A hippogriff (shapeshifter) (Vault:8)
  Grum (D:8)
  41 vampire mosquitoes
  2 sharks
  A clay golem (Abyss)
  33 deep elf fighters
  30 necrophages
  10 deep elf summoners
  11 war dogs
  3 item mimics
  A komodo dragon zombie (Crypt:1)
  5 manticores
  A yaktaur zombie (D:21)
  2 mottled dragons
  2 hell hounds (D:21)
  Edmund (Orc:2)
  A rock worm (D:16)
  A yaktaur skeleton (D:20)
  4 fire drakes
  40 swamp worms
  A manticore zombie (Crypt:4)
  A komodo dragon skeleton (Crypt:2)
  25 small abominations
  2 jumping spider zombies
  6 sky beasts
  12 deep elf priests
  61 orc warriors
  3 deep dwarves (Abyss)
  6 phantoms
  A queen bee zombie (D:19)
  39 insubstantial wisps
  50 ogres
  A soldier ant (D:17)
  A wyvern skeleton (Crypt:3)
  3 cyclops skeletons
  18 giant goldfish
  2 slaves (D:4)
  A black bear (Lair:1)
  22 freezing wraiths
  10 red devils
  12 swamp drakes
  A hippogriff zombie (D:12)
  20 centaurs
  A yak zombie (Crypt:2)
  10 ice beasts
  A crocodile (shapeshifter) (D:20)
  50 nagas
  A bumblebee zombie (D:19)
  7 rotting devils
  5 crocodiles
  4 big kobolds
  A boring beetle (Vault:4)
  Duvessa (D:5)
  A boring beetle zombie (Vault:1)
  2 boulder beetle zombies
  A hippogriff skeleton (Crypt:2)
  A polar bear skeleton (Crypt:3)
  A troll skeleton (Crypt:5)
  A war dog zombie (Crypt:1)
  25 giant frogs
  A naga zombie (Snake:5)
  40 water moccasins
  A black bear (shapeshifter) (D:14)
  17 deep elf magi
  A yak skeleton (Hell)
  A black bear zombie (Tomb:1)
  2 brain worms
  2 wolves (Lair:7)
  A yellow wasp zombie (D:6)
  A water moccasin zombie (Crypt:4)
  A giant slug simulacrum (D:21)
  2 soldier ant zombies
  A draconian zombie (Crypt:3)
  15 wargs
  Blork the orc (D:5)
  2 basilisk skeletons
  5 giant leeches
  A water moccasin skeleton (Tomb:1)
  4 basilisk zombies
  2 draconian simulacra (Port)
  An octopode zombie (Crypt:2)
  A two-headed ogre skeleton (D:12)
  4 agate snails
  5 boulder beetles
  15 giant slugs
  33 wights
  A boulder beetle (shapeshifter) (D:26)
  7 human simulacra (Port)
  3 wolf simulacra (Port)
  A polar bear simulacrum (Port)
  A big kobold zombie (D:6)
  A fire bat (Abyss)
  3 centaur simulacra (Port)
  A deep dwarf zombie (Crypt:4)
  54 killer bees
  A pulsating lump (D:22)
  5 quasits
  A vampire bat (Lair:6)
  4 goliath beetles
  16 jellyfish
  17 crimson imps
  A dwarf zombie (Crypt:4)
  A pulsating lump (shapeshifter) (D:19)
  Dowan (D:5)
  3 brain worm zombies
  A deep dwarf skeleton (Crypt:5)
  A tengu skeleton (Crypt:2)
  A lava snake (Abyss)
  54 orc priests
  9 shadows
  3 hound zombies
  10 hounds
  5 scorpions
  6 big fish
  3 iguanas
  17 iron imps
  A big kobold skeleton (D:13)
  A hound skeleton (D:13)
  26 orc wizards
  3 warg zombies
  11 worker ants
  38 deep elf soldiers
  A naga skeleton (Crypt:5)
  A porcupine (shapeshifter) (Vault:5)
  3 orange rats
  4 orange rat zombies
  8 jellies
  2 orange rat skeletons
  4 sheep
  A steam dragon zombie (Crypt:4)
  10 porcupines
  3 human skeletons (Crypt:1)
  2 ogre simulacra (Port)
  7 boggarts
  19 electric eels
  26 flying skulls
  34 mummies
  45 adders
  37 green rats
  18 lemures
  25 midges
  7 giant centipedes
  A halfling skeleton (Crypt:3)
  38 human zombies
  2 iguana skeletons
  An iguana zombie (Crypt:4)
  An adder (shapeshifter) (Vault:8)
  An adder skeleton (D:4)
  An adder zombie (Crypt:4)
  2 giant centipede zombies (D:19)
  A halfling zombie (Crypt:2)
  2 shadow imps (Elf:5)
  2 elf skeletons (Elf:5)
  43 white imps
  7 worms
  62 ufetubi
  A giant mite (Lair:2)
  28 grey rats
  A bat skeleton (D:27)
  2 giant eyeballs
  9 giant geckos
  7 oozes
  219 orcs
  An orc (shapeshifter) (Vault:8)
  11 ball pythons
  19 goblins
  25 hobgoblins
  13 jackals
  43 kobolds
  14 quokkas
  An ant larva (shapeshifter) (Vault:8)
  2 ant larva zombies
  A ball python skeleton (Crypt:3)
  A ball python zombie (Crypt:4)
  69 bats
  14 giant cockroaches
  A giant gecko skeleton (Tomb:3)
  A giant gecko zombie (Crypt:4)
  10 giant newts
  A giant spore (D:12)
  A goblin skeleton (Crypt:2)
  A hobgoblin skeleton (D:4)
  A hobgoblin zombie (Crypt:4)
  6 illusory rakshasas (Abyss)
  A kobold simulacrum (Tomb:1)
  A kobold zombie (D:15)
  2 orc simulacra (Port)
  3 orc skeletons
  6 orc zombies
  41 rats
  A rat skeleton (D:4)
  A rat zombie (Crypt:4)
  5 ballistomycetes (D:12)
  A crawling corpse (Elf:5)
  7 fungi
  6 plants
  2 tentacles (Abyss)
  71 toadstools
3999 creatures vanquished.

Vanquished Creatures (collateral kills)
  A naga mage (Snake:4)
1 creature vanquished.

Vanquished Creatures (others)
  2 ancient liches
  2 greater mummies (Tomb:1)
  A Pit Fiend (Tomb:1)
  A draconian scorcher (Zot:5)
  2 Executioners (Zot:5)
  A tentacled monstrosity (Zot:5)
  2 cacodemons
  2 curse skulls (Crypt:5)
  A draconian caller (Zot:5)
  A deep elf annihilator (Elf:5)
  A pale draconian (Zot:5)
  A deep elf death mage (Elf:5)
  3 mummy priests (Tomb:3)
  An unborn deep dwarf (Snake:5)
  A deep elf demonologist (Elf:5)
  A spiny worm (Tomb:1)
  An alligator (Swamp:4)
  A soul eater (Tomb:3)
  A sun demon (Tomb:3)
  A skeletal warrior (Tomb:3)
  4 elf zombies (Elf:5)
  A giant orange brain (Zot:5)
  16 large abominations
  A deep elf knight (Elf:5)
  An ice devil (Tomb:1)
  A flayed ghost (Tomb:3)
  2 naga warriors (Snake:5)
  An iron troll skeleton (Tomb:3)
  A green draconian skeleton (Tomb:1)
  A grey draconian skeleton (Crypt:2)
  A wizard (D:4)
  A shining eye (shapeshifter) (Snake:5)
  2 flaming corpses
  A sixfirhy (Tomb:1)
  2 trapdoor spider zombies
  An eye of devastation (Zot:5)
  An ice dragon skeleton (Zot:5)
  A dragon skeleton (Tomb:3)
  5 orange demons
  6 hellwings
  16 guardian mummies
  12 naga magi (Snake:5)
  2 efreeti
  An iron devil (Tomb:3)
  2 ugly things (Vault:4)
  7 smoke demons
  A two-headed ogre (Vault:4)
  A deep dwarf necromancer (Tomb:3)
  2 blue devils
  A snapping turtle skeleton (Tomb:2)
  A trapdoor spider simulacrum (Tomb:1)
  A wraith (Tomb:1)
  8 ynoxinuls
  5 neqoxecs
  A vampire (Tomb:1)
  A deep elf summoner (Elf:5)
  A hungry ghost (Tomb:1)
  A fire crab zombie (Tomb:3)
  A war dog (Lair:2)
  2 necrophages
  2 deep elf fighters (Elf:5)
  A wyvern skeleton (Tomb:3)
  3 freezing wraiths
  15 small abominations
  2 orc warriors
  A deep elf priest (Elf:5)
  A red devil (Tomb:1)
  A swamp drake (Swamp:5)
  7 nagas (Snake:5)
  An ogre (Vault:4)
  A centaur (shapeshifter) (Vault:8)
  A deep elf mage (Elf:1)
  A centaur (Vault:4)
  11 naga zombies (Snake:5)
  A water moccasin skeleton (Snake:5)
  An eye of draining (Tomb:3)
  A wight (Abyss)
  3 jellyfish (Zot:5)
  2 electric eels (Zot:5)
  A dwarf skeleton (Tomb:1)
  2 crimson imps
  A mottled dragon skeleton (Crypt:5)
  3 quasits
  11 iron imps
  A big kobold skeleton (Tomb:3)
  4 shadows
  An orc priest (Vault:6)
  An orc wizard (D:6)
  5 deep elf soldiers (Elf:5)
  An orange rat (Tomb:1)
  An orange rat zombie (Tomb:1)
  A jelly (D:6)
  11 mummies
  A hound simulacrum (Tomb:3)
  4 flying skulls
  15 lemures
  A green rat (Tomb:3)
  A porcupine zombie (Tomb:3)
  12 midges
  9 white imps
  2 shadow imps
  28 ufetubi
  6 orcs
  2 quokkas
  A hobgoblin skeleton (Tomb:3)
  A jackal zombie (Tomb:3)
  A killer bee larva zombie (Tomb:1)
  A kobold (D:2)
  2 rats
  20 fungi
  10 plants
  4 tentacles (Abyss)
  334 tentacle segments (Abyss)
  298 toadstools
997 creatures vanquished.

Grand Total: 4997 creatures vanquished

Notes
Turn   | Place    | Note
--------------------------------------------------------------
     0 | Abyss    | splash, the Centaur Abyssal Knight, began the quest for the Orb.
     0 | Abyss    | Reached XP level 1. HP: 17/17 MP: 1/1
   156 | D:1      | You pass through the gate.
   324 | D:1      | Reached XP level 2. HP: 14/24 MP: 2/2
   421 | D:1      | Acquired Lugonu's first power
   871 | D:1      | Reached skill level 1 in Dodging
  1113 | D:2      | Reached XP level 3. HP: 16/30 MP: 4/4
  1387 | D:2      | Acquired Lugonu's second power
  2135 | D:3      | Reached XP level 4. HP: 24/37 MP: 5/5
  2588 | D:4      | Noticed Eustachio
  2708 | D:4      | Noticed Pikel
  2728 | D:4      | Killed Pikel
  2728 | D:4      | Reached skill level 4 in Fighting
  2728 | D:4      | Reached skill level 1 in Traps & Doors
  2728 | D:4      | Reached XP level 5. HP: 9/44 MP: 6/6
  2728 | D:4      | Reached XP level 6. HP: 10/51 MP: 8/8
  2728 | D:4      | Reached XP level 7. HP: 11/57 MP: 8/8
  2808 | D:4      | Found a bloodstained altar of Trog.
  2808 | D:4      | Noticed a terrified wizard
  2816 | D:4      | Killed a terrified wizard
  3052 | D:4      | Killed Eustachio
  3052 | D:4      | Reached skill level 1 in Evocations
  3105 | D:4      | Acquired Lugonu's third power
  3456 | D:5      | Entered Level 5 of the Dungeon
  3675 | D:5      | Noticed Prince Ribbit
  3707 | D:5      | Killed Prince Ribbit
  3707 | D:5      | Reached XP level 8. HP: 17/64 MP: 10/10
  3736 | D:5      | Noticed Duvessa
  3739 | D:5      | Noticed Dowan
  4053 | D:5      | Noticed Blork the orc
  4073 | D:5      | Killed Blork the orc
  4346 | D:5      | Killed Duvessa
  4346 | D:5      | Reached skill level 1 in Stealth
  4673 | D:5      | Killed Dowan
  5013 | D:5      | Reached skill level 5 in Polearms
  5181 | D:6      | Noticed a giant centipede
  5190 | D:6      | Killed a giant centipede
  5768 | D:6      | Found a glowing drain. 5822
                  | sewer
                  | Entered the sewers 5928
                  | sewer
                  | Acquired Lugonu's fourth power 6174
                  | sewer
                  | Reached skill level 5 in Dodging 6350
                  | sewer
                  | Acquired Lugonu's fifth power
  7109 | D:6      | Reached XP level 9. HP: 45/71 MP: 11/11
  7805 | D:7      | Reached skill level 1 in Throwing
  8039 | D:7      | Found a staircase to the Ecumenical Temple.
  8162 | D:7      | Found a staircase to the Orcish Mines.
  8262 | D:7      | Reached skill level 6 in Polearms
  8638 | D:7      | Reached skill level 5 in Fighting
  9620 | D:8      | Noticed Nada's ghost (experienced TeNe)
  9634 | D:8      | Killed Nada's ghost
  9819 | D:8      | Noticed Gastronok
 10117 | D:8      | Killed Gastronok
 10117 | D:8      | Reached skill level 7 in Polearms
 10117 | D:8      | Reached XP level 10. HP: 40/80 MP: 12/12
 10286 | D:8      | Noticed Grum
 10297 | D:8      | Killed Grum
 11360 | D:9      | Reached skill level 8 in Dodging
 11468 | D:10     | Entered Level 10 of the Dungeon
 11508 | D:10     | Found Pneochet's Assorted Antiques.
 11515 | D:10     | Bought a scroll labeled GATOXE SMIKKO for 30 gold pieces
 11515 | D:10     | Bought a shiny ring mail for 120 gold pieces
 12603 | D:10     | Reached skill level 1 in Spellcasting
 12606 | D:10     | Reached XP level 11. HP: 33/88 MP: 13/13
 12756 | D:10     | Learned a level 1 spell: Corona
 13070 | D:10     | Reached skill level 1 in Hexes
 14310 | D:11     | Reached skill level 9 in Polearms
 14826 | D:12     | Found a gateway to a ziggurat.
 15831 | D:13     | Noticed Urug
 15999 | D:13     | Reached skill level 5 in Armour
 16411 | D:13     | Killed Urug
 16544 | D:13     | Found a staircase to the Lair.
 16564 | D:13     | Reached XP level 12. HP: 69/95 MP: 19/19
 17385 | D:13     | Reached skill level 10 in Polearms
 18118 | Lair:1   | Entered Level 1 of the Lair of Beasts
 19035 | Lair:1   | Got a faintly humming helmet
 19038 | Lair:1   | Identified the +1 helmet "Babub" (You found it on level 1 of the Lair of Beasts)
 20122 | Lair:2   | Noticed Maud
 20134 | Lair:2   | Killed Maud
 20134 | Lair:2   | Reached skill level 11 in Polearms
 20452 | Lair:2   | Noticed Harold
 20474 | Lair:2   | Killed Harold
 20588 | Lair:2   | Noticed a wandering mushroom
 20716 | Lair:2   | Reached skill level 10 in Dodging
 20744 | Lair:2   | Killed a wandering mushroom
 22920 | Lair:4   | Found a staircase to the Swamp.
 23348 | Lair:4   | Found a staircase to the Snake Pit.
 23352 | Lair:4   | the staircase to the Snake Pit was a mimic.
 23361 | Lair:4   | Reached XP level 13. HP: 82/105 MP: 20/20
 23999 | Lair:5   | Reached skill level 12 in Polearms
 25055 | Lair:5   | Reached skill level 1 in Stabbing
 25590 | Lair:6   | Found a staircase to the Snake Pit.
 26630 | Lair:6   | Reached skill level 10 in Fighting
 26736 | Lair:7   | Found a labyrinth entrance.
 26746 | Lab      | Entered a Labyrinth
 27256 | Lab      | Noticed Froggeryz's ghost (powerful NaTm)
 27284 | Lab      | Killed Froggeryz's ghost
 27393 | Lab      | Got a slimy steel ring
 27407 | Lab      | Identified the ring "Lede Tew" (You found it in a Labyrinth)
 27410 | Lab      | Got a flickering bronze ring
 27449 | Lair:7   | Found a frozen archway.
 27746 | IceCv    | Entered an ice cave
 27887 | IceCv    | Paralysed by a potion of paralysis for 6 turns
 28593 | IceCv    | Got a pitted mace
 28899 | IceCv    | Found an ancient bone altar of Kikubaaqudgha.
 29047 | IceCv    | Reached skill level 13 in Polearms
 29133 | IceCv    | Identified the ring of Khus Sil (You found it in a Labyrinth)
 29134 | IceCv    | Identified the +1,+3 mace "Mnehou" (You found it in an ice cave)
 29348 | Lair:7   | Noticed a trapdoor spider
 29354 | Lair:7   | Killed a trapdoor spider
 29744 | Lair:7   | Found a staircase to the Slime Pits.
 29745 | Lair:7   | Found a viscous altar of Jiyva.
 30253 | Lair:8   | Entered Level 8 of the Lair of Beasts
 30275 | Lair:8   | Got a transparent platinum ring
 30629 | Lair:8   | Reached XP level 14. HP: 117/117 MP: 21/21
 31035 | Lair:8   | Reached skill level 14 in Polearms
 31422 | Lair:8   | Learned a level 3 spell: Abjuration
 31588 | Lair:8   | Reached skill level 1 in Summonings
 32440 | Lair:8   | Identified the ring "Brecuahe" (You found it on level 8 of the Lair of Beasts)
 32869 | D:14     | Entered Level 14 of the Dungeon
 33012 | D:14     | Noticed Nergalle
 33022 | D:14     | Killed Nergalle
 33430 | D:15     | Entered Level 15 of the Dungeon
 33628 | D:15     | Got a jewelled sabre
 33631 | D:15     | Identified the cursed sabre "Buypas" {slice, Dex+2 Stlth--} (You found it on level 15 of the Dungeon)
 34531 | D:16     | Noticed Erica
 34540 | D:16     | Killed Erica
 34600 | D:16     | Found a glowing silver altar of Zin.
 35258 | D:17     | Noticed Nikola
 35957 | Temple   | Entered the Ecumenical Temple
 35972 | Orc:1    | Entered Level 1 of the Orcish Mines
 36126 | Orc:2    | Reached skill level 15 in Polearms
 36156 | Orc:2    | Noticed Edmund
 36161 | Orc:2    | Killed Edmund
 36329 | Orc:2    | Reached XP level 15. HP: 126/126 MP: 23/23
 36376 | Orc:3    | Found a staircase to the Elven Halls.
 36406 | Orc:3    | Found Pseod's Antique Armour Boutique.
 36421 | Orc:3    | Noticed Sonja
 36433 | Orc:3    | Killed Sonja
 37202 | Orc:2    | Found Khaadwia's Assorted Antiques.
 37297 | Orc:3    | Found a roughly hewn altar of Beogh.
 37466 | Orc:4    | Entered Level 4 of the Orcish Mines
 37524 | Orc:4    | Noticed an orc high priest
 37841 | Orc:4    | Killed an orc high priest
 37875 | Orc:4    | Noticed an orc high priest
 38077 | Orc:4    | Killed an orc high priest
 38197 | Orc:4    | Found a roughly hewn altar of Beogh.
 38210 | Orc:4    | Noticed an orc high priest
 38216 | Orc:4    | Killed an orc high priest
 38216 | Orc:4    | Reached skill level 5 in Spellcasting
 38322 | Orc:4    | Found Xoakhyash's General Store.
 38322 | Orc:4    | Noticed an orc high priest
 38361 | Orc:4    | Killed an orc high priest
 38506 | Orc:4    | Gained mutation: Your body is slowly deteriorating.
 38508 | Orc:4    | Gained mutation: Your body is deteriorating.
 38517 | Orc:4    | Lost mutation: Your body is deteriorating.
 38517 | Orc:4    | Lost mutation: Your body is slowly deteriorating.
 38627 | Orc:4    | Noticed an orc high priest
 38637 | Orc:4    | Killed an orc high priest
 38650 | Orc:4    | Found Voigoi's Antique Weapon Emporium.
 38650 | Orc:4    | Found Caoriv's General Store.
 38676 | Orc:4    | Bought a purple glaive for 304 gold pieces
 38678 | Orc:4    | Identified the +4,+12 Glaive of Prune (You bought it in a shop on level 4 of the Orcish Mines)
 38723 | Orc:4    | Noticed an orc high priest
 38743 | Orc:4    | Killed an orc high priest
 38746 | Orc:4    | Found Skuong's Armour Emporium.
 39438 | Snake:1  | Entered Level 1 of the Snake Pit
 39490 | Snake:1  | Reached skill level 5 in Summonings
 39627 | Snake:1  | Got a slimy leather armour
 39659 | Snake:1  | Identified the cursed -5 leather armour of Freedom (You found it on level 1 of the Snake Pit)
 39746 | Snake:1  | Noticed Wiglaf
 40543 | Snake:1  | Killed Wiglaf
 40776 | Snake:1  | Found Ygiem's Armour Emporium.
 41138 | Snake:2  | Reached skill level 5 in Invocations
 41196 | Snake:2  | Found Skein's Book Boutique.
 43428 | Snake:5  | Entered Level 5 of the Snake Pit
 44698 | Snake:5  | Noticed Mara
 45193 | Snake:5  | Killed Mara
 45193 | Snake:5  | Reached skill level 16 in Polearms
 45193 | Snake:5  | Reached XP level 16. HP: 87/136 MP: 24/24
 45521 | Snake:5  | Got a serpentine rune of Zot
 46448 | Swamp:1  | Entered Level 1 of the Swamp
 48701 | Swamp:2  | Noticed Aizul
 48723 | Swamp:2  | Killed Aizul
 49894 | Swamp:3  | Noticed Donald
 49913 | Swamp:3  | Killed Donald
 51018 | Swamp:4  | Gained mutation: You are resistant to hostile enchantments.
 51018 | Swamp:4  | Gained mutation: You are weak (Str -1).
 51018 | Swamp:4  | Gained mutation: Your muscles are strong, but stiff (Str +1, Dex -1).
 51493 | Swamp:4  | Reached XP level 17. HP: 76/145 MP: 26/26
 52247 | Swamp:5  | Entered Level 5 of the Swamp
 52357 | Swamp:5  | Noticed Frederick
 52367 | Swamp:5  | Killed Frederick
 52367 | Swamp:5  | Reached skill level 17 in Polearms
 53457 | Swamp:5  | Reached skill level 5 in Throwing
 53511 | Swamp:5  | Got a decaying rune of Zot
 53738 | Swamp:5  | Noticed Xtahua
 53765 | Swamp:5  | Noticed Frances
 54314 | Swamp:5  | Killed Xtahua
 54917 | Swamp:5  | Killed Frances
 55987 | Elf:1    | Entered Level 1 of the Elven Halls
 56209 | Elf:1    | Found Gaaduimp's Assorted Antiques.
 57039 | Elf:2    | Learned a level 1 spell: Apportation
 58085 | Elf:4    | Found Lacreil's Jewellery Shoppe.
 58817 | Elf:5    | Entered Level 5 of the Elven Halls
 58838 | Elf:5    | Found a portal to a secret trove of treasure.
 58899 | Elf:5    | Found a shimmering altar of Xom.
 59331 | Elf:5    | Reached skill level 10 in Invocations
 59331 | Elf:5    | Reached XP level 18. HP: 155/155 MP: 28/28
 59492 | Elf:5    | Noticed a deep elf master archer
 59500 | Elf:5    | Killed a deep elf master archer
 59502 | Elf:5    | Noticed a deep elf master archer
 60052 | Elf:5    | Got a droning book
 60053 | Elf:5    | Identified Eustachio's Disquisition on the Entourage (You found it on level 5 of the Elven Halls)
 60257 | Elf:5    | Killed a deep elf master archer
 60613 | Elf:5    | Reached skill level 18 in Polearms
 61028 | Elf:5    | Got a creamy pearl robe
 61088 | Elf:5    | Noticed a deep elf blademaster
 61477 | Elf:5    | Got an ancient long sword
 61484 | Elf:5    | Noticed a deep elf master archer
 61496 | Elf:5    | Killed a deep elf master archer
 61802 | Elf:5    | Killed a deep elf blademaster
 62074 | Elf:5    | Identified the cursed -5 robe "Jomest" (You took it off a deep elf death mage on level 5 of the Elven Halls)
 62086 | Elf:5    | Got a pitted sabre
 62098 | Elf:5    | Got a sparkling marble ring
 62099 | Elf:5    | Identified the ring of Plog (You found it on level 5 of the Elven Halls)
 62099 | Elf:5    | Identified the cursed +3,+4 long sword of Twovad (You took it off a deep elf fighter on level 5 of the Elven Halls)
 62122 | Elf:5    | Got a crude falchion
 62172 | Elf:5    | Noticed a deep elf master archer
 62182 | Elf:5    | Killed a deep elf master archer
 62205 | Elf:5    | Got a steaming leather armour
 63249 | Elf:5    | Found Pnau's General Store.
 63419 | Elf:5    | Got an iridescent ankus
 63420 | Elf:5    | Identified the cursed ankus of Dishonour {slay orc, +Blink rElec MR Int-5} (You found it on level 5 of the Elven Halls)
 63424 | Elf:5    | Identified the falchion of the Scorpion {antimagic, +Inv rPois Int+1} (You found it on level 5 of the Elven Halls)
 63425 | Elf:5    | Identified the sabre "Wuluxkot" {drain, +Rage +Inv Str+3 SInv} (You found it on level 5 of the Elven Halls)
 63533 | Elf:5    | Identified the cursed +1 leather armour of Dyspraxia (You found it on level 5 of the Elven Halls)
 63902 | D:10     | Bought a gold dragon hide for 4200 gold pieces
 64480 | D:17     | Noticed Nessos
 64491 | D:17     | Killed Nessos
 64964 | D:17     | Killed Nikola
 65675 | D:18     | Reached skill level 15 in Fighting
 65805 | D:18     | Found an iron altar of Okawaru.
 66544 | D:19     | Noticed a pulsating lump
 66544 | D:19     | an elf changed into a pulsating lump
 66554 | D:19     | Killed a pulsating lump
 66579 | D:19     | Found a staircase to the Vaults.
 66617 | D:19     | Reached XP level 19. HP: 165/165 MP: 30/30
 67873 | Vault:1  | Entered Level 1 of the Vaults
 67947 | Vault:1  | Paralysed by an ogre mage for 6 turns
 68285 | Vault:1  | You fall through a shaft!
 69706 | Vault:2  | Reached skill level 19 in Polearms
 69910 | Vault:2  | Got a glittering jade amulet
 69912 | Vault:2  | Identified the amulet "Boacecou" (You found it on level 2 of the Vaults)
 70082 | Vault:3  | Found a staircase to the Crypt.
 70986 | Vault:3  | Identified a scroll of acquirement
 70987 | Vault:3  | Got an encrusted cloak
 70991 | Vault:3  | Identified the +2 cloak of Tyarevag (You acquired it on level 3 of the Vaults)
 71042 | Vault:3  | Noticed Agnes
 71078 | Vault:3  | Killed Agnes
 71409 | Vault:3  | Reached XP level 20. HP: 148/177 MP: 30/31
 72865 | Vault:4  | Reached skill level 10 in Armour
 73373 | Vault:5  | Noticed a pulsating lump
 73373 | Vault:5  | an eye of devastation changed into a pulsating lump
 73374 | Vault:5  | a pulsating lump changed into a merfolk
 73500 | Vault:5  | Got a brightly glowing hammer {freeze}
 73503 | Vault:5  | Identified the cursed -3,-5 hammer of Calamity {freeze} (You took it off a yaktaur captain on level 5 of the Vaults)
 73570 | Vault:5  | Got a faintly glowing bow
 73571 | Vault:5  | Identified the cursed -4,-5 bow of Makhes (You found it on level 5 of the Vaults)
 74641 | Vault:6  | Reached XP level 21. HP: 102/187 MP: 33/33
 75103 | Vault:6  | Reached XP level 20. HP: 63/179 MP: 32/32
 75426 | Vault:6  | Reached XP level 21. HP: 160/187 MP: 33/33
 75923 | Vault:6  | Got a twisted halberd
 75924 | Vault:6  | Identified the cursed halberd of Evisceration {chop, SInv Curse} (You found it on level 6 of the Vaults)
 76091 | Vault:6  | Noticed an orc warlord
 76093 | Vault:6  | Found a staircase to the Hall of Blades.
 76128 | Vault:6  | Killed an orc warlord
 76237 | Blade    | Entered the Hall of Blades
 76327 | Blade    | Reached skill level 20 in Polearms
 77489 | Vault:6  | Got a pitted chain mail
 77511 | Vault:6  | Identified the +8 chain mail of Truth (You found it on level 6 of the Vaults)
 77643 | Vault:7  | Got a transparent sabre
 79380 | Vault:8  | Entered Level 8 of the Vaults
 79491 | Vault:8  | Noticed a bone dragon
 79909 | Vault:7  | Killed a bone dragon
 79909 | Vault:7  | Reached XP level 22. HP: 93/201 MP: 33/33
 80747 | Vault:7  | Reached skill level 21 in Polearms
 81102 | Vault:8  | Noticed a deep elf sorcerer
 81108 | Vault:8  | Killed a deep elf sorcerer
 81691 | Vault:8  | Noticed a shining eye
 82419 | Vault:8  | Noticed a bone dragon
 82447 | Vault:8  | Killed a bone dragon
 82765 | Vault:8  | Noticed a bone dragon
 82784 | Vault:8  | Killed a bone dragon
 83038 | Vault:8  | Noticed an ancient lich
 83274 | Vault:8  | Noticed a bone dragon
 83277 | Vault:8  | Noticed a bone dragon
 83334 | Vault:7  | Killed a bone dragon
 83570 | Vault:8  | Killed an ancient lich
 83781 | Vault:8  | Killed a bone dragon
 84214 | Vault:8  | Identified the cursed +1,+3 sabre of Fri Pomn (You found it on level 7 of the Vaults)
 84234 | Vault:8  | Identified a +9 rod of smiting (9/9) (You found it on level 8 of the Vaults)
 84791 | Vault:8  | Noticed a guardian serpent
 84791 | Vault:8  | an elephant changed into a guardian serpent
 84794 | Vault:8  | a guardian serpent changed into a spriggan
 84840 | Vault:8  | Reached XP level 23. HP: 157/211 MP: 34/34
 85152 | Vault:8  | Noticed a shining eye
 85152 | Vault:8  | a lindwurm changed into a shining eye
 85155 | Vault:8  | Reached XP level 22. HP: 189/203 MP: 33/33
 85159 | Vault:8  | a shining eye changed into a slime creature
 85239 | Vault:8  | Got a faintly glowing demon trident
 85240 | Vault:8  | Identified the demon trident of Makhleb's Fury {drain, Dex+4 Int+3} (You found it on level 8 of the Vaults)
 85244 | Vault:8  | Identified a +9 rod of destruction [inacc,magma,cold] (12/12) (You found it on level 8 of the Vaults)
 85287 | Vault:8  | Noticed a shining eye
 85288 | Vault:8  | a shining eye changed into a boulder beetle
 85382 | Vault:8  | Noticed a shining eye
 85383 | Vault:8  | Noticed a golden dragon
 85383 | Vault:8  | a shining eye changed into a lindwurm
 85407 | Vault:8  | Noticed a guardian serpent
 85410 | Vault:8  | Killed a golden dragon
 85410 | Vault:8  | Reached XP level 23. HP: 102/212 MP: 34/34
 85413 | Vault:8  | Killed a guardian serpent
 85666 | Vault:8  | Noticed an iron dragon
 85666 | Vault:8  | Noticed a deep elf sorcerer
 85674 | Vault:8  | Killed a deep elf sorcerer
 85679 | Vault:8  | Killed an iron dragon
 85693 | Vault:8  | Noticed a shining eye
 85693 | Vault:8  | a cyclops changed into a shining eye
 85697 | Vault:8  | Gained mutation: You are dopey (Int -1).
 85982 | Vault:8  | Got a rare book
 85984 | Vault:8  | Got a silver rune of Zot
 85991 | Vault:8  | Identified the Volume of Hexes (You found it on level 8 of the Vaults)
 86025 | Vault:8  | Reached skill level 22 in Polearms
 86149 | Vault:8  | Noticed a quicksilver dragon
 86158 | Vault:8  | Killed a quicksilver dragon
 86280 | Vault:8  | Got an antique book
 86608 | Vault:8  | Reached skill level 15 in Dodging
 86727 | Vault:8  | Got an ancient cloak
 86739 | Vault:8  | Got a slimy plate armour
 86792 | Vault:8  | Noticed a deep elf sorcerer
 86802 | Vault:8  | Killed a deep elf sorcerer
 86813 | Vault:8  | Identified the cursed +1 cloak of Shroi (You found it on level 8 of the Vaults)
 86839 | Vault:7  | Identified the +3 plate armour of Light (You found it on level 8 of the Vaults)
 87499 | Crypt:1  | Entered Level 1 of the Crypt
 87698 | Crypt:1  | Noticed Khufu
 88240 | Crypt:1  | Killed Khufu
 88937 | Crypt:1  | Found an ancient bone altar of Kikubaaqudgha.
 89666 | Crypt:2  | Got a shimmering trident
 89667 | Crypt:2  | Identified the trident "Worm" {venom, Str+2} (You found it on level 2 of the Crypt)
 89928 | Crypt:2  | Noticed Saint Roka
 89943 | Crypt:2  | Killed Saint Roka
 89993 | Crypt:2  | Found a magical portal.
 90003 | WizLab   | Entered Zonguldrok's Shrine
 90378 | WizLab   | Noticed an antique lich
 90383 | WizLab   | Killed an antique lich
 90412 | WizLab   | Got a bone long sword
 90439 | WizLab   | Identified the Catalogue of Virous Orientation (You found it on level 8 of the Vaults)
 90689 | Crypt:3  | Reached XP level 24. HP: 206/224 MP: 35/35
 90717 | Crypt:3  | Gained mutation: You are agile (Dex +1).
 90911 | Crypt:3  | Reached skill level 23 in Polearms
 91270 | Crypt:3  | Found a staircase to the Tomb.
 91377 | Crypt:3  | Identified the cursed Sword of Zonguldrok {reap, Curse} (You found it in Zonguldrok's Shrine)
 92343 | Crypt:5  | Entered Level 5 of the Crypt
 92436 | Crypt:5  | Noticed Boris
 92446 | Crypt:5  | Killed Boris
 93130 | Crypt:5  | Noticed a small abomination
 93130 | Crypt:5  | Noticed a large abomination
 93130 | Crypt:5  | Noticed a large abomination
 93130 | Crypt:5  | Noticed a small abomination
 93130 | Crypt:5  | Noticed a large abomination
 93140 | Crypt:5  | Noticed a large abomination
 93142 | Crypt:5  | Killed a large abomination
 93152 | Crypt:5  | Noticed a small abomination
 93162 | Crypt:5  | Killed a large abomination
 93197 | Crypt:5  | Killed a small abomination
 93201 | Crypt:5  | Noticed a large abomination
 93206 | Crypt:5  | Noticed an ancient lich
 93215 | Crypt:5  | Killed an ancient lich
 93229 | Crypt:5  | Got a sky-blue amulet
 93230 | Crypt:5  | Identified the amulet of the Air (You found it on level 5 of the Crypt)
 93232 | Crypt:5  | Killed an ancient lich
 93236 | Crypt:5  | Got a shimmering ivory ring
 93238 | Crypt:5  | Got a colourful book
 93271 | Crypt:5  | Noticed a large abomination
 93275 | Crypt:5  | Killed a large abomination
 93279 | Crypt:5  | Killed a small abomination
 93696 | Crypt:1  | Identified the Disquisition on Transmutation (You found it on level 5 of the Crypt)
 93809 | D:20     | Entered Level 20 of the Dungeon
 94113 | D:20     | Identified the ring of Eskanlof (You found it on level 5 of the Crypt)
 94433 | D:20     | Lost mutation: You are weak (Str -1).
 94801 | D:21     | Found Zazoanuo's Antique Armour Emporium.
 94809 | D:21     | Bought a dazzling ring mail for 333 gold pieces
 94809 | D:21     | Bought a brightly glowing scale mail for 492 gold pieces
 94809 | D:21     | Bought a glowing dwarven cloak for 44 gold pieces
 94851 | D:21     | Identified the +4 scale mail of the Iron Devil (You bought it in a shop on level 21 of the Dungeon)
 94870 | D:21     | Identified the cursed -4 ring mail of the Lute (You bought it in a shop on level 21 of the Dungeon)
 95058 | D:21     | Found Bleck's Antique Armour Shoppe.
 95061 | D:21     | Bought a ripped robe for 193 gold pieces
 95079 | D:21     | Identified the cursed -3 robe of Thip (You bought it in a shop on level 21 of the Dungeon)
 95368 | D:21     | Noticed a shining eye
 95856 | D:21     | Noticed a shining eye
 96084 | D:21     | Got a fabulously ornate robe
 96130 | D:21     | Got an encrusted trident
 96134 | D:21     | Identified the cursed -5,-1 trident of Victory (You took it off a yaktaur on level 21 of the Dungeon)
 96630 | D:21     | Found Juucuychi's Antique Armour Emporium.
 96651 | D:21     | Bought a brightly glowing leather armour for 259 gold pieces
 96651 | D:21     | Bought a distressingly furry scale mail for 492 gold pieces
 96651 | D:21     | Bought an embroidered cloak for 37 gold pieces
 96668 | D:21     | Identified the +3 leather armour "Pearyups" (You bought it in a shop on level 21 of the Dungeon)
 96680 | D:21     | Identified the -8 scale mail of Fitiov (You bought it in a shop on level 21 of the Dungeon)
 96784 | D:21     | Found a gateway to Hell.
 96815 | D:21     | Found Gaesch's Weapon Emporium.
 97009 | D:22     | Found a shimmering altar of Xom.
 97045 | D:22     | Found Greiskim's Book Shoppe.
 97147 | D:22     | Noticed Boris
 97171 | D:22     | Killed Boris
 97193 | D:22     | Noticed Margery
 97233 | D:22     | Killed Margery
 97522 | D:22     | Noticed a pulsating lump
 97541 | D:22     | Killed a pulsating lump
 98011 | D:23     | Reached XP level 25. HP: 209/231 MP: 36/36
 98163 | D:23     | Reached skill level 24 in Polearms
 98398 | D:23     | Found a one-way gate to the infinite horrors of the Abyss.
 98876 | D:24     | Noticed a guardian serpent
 98881 | D:24     | Killed a guardian serpent
 99080 | D:24     | Found a one-way gate leading to the halls of Pandemonium.
 99080 | D:24     | Noticed a guardian serpent
 99085 | D:24     | Killed a guardian serpent
 99407 | D:25     | Entered Level 25 of the Dungeon
100096 | D:25     | Found Qeipt's Book Shoppe.
100320 | D:25     | Found Twonab's Distillery.
101771 | D:27     | Entered Level 27 of the Dungeon
102526 | Zot:1    | Entered Level 1 of the Realm of Zot
102822 | D:27     | Got a dazzling chain mail
102824 | D:27     | Identified the +5 chain mail of the Solstice (You found it on level 27 of the Dungeon)
103326 | D:27     | Noticed a pulsating lump
103334 | D:27     | a pulsating lump changed into a merfolk
103370 | D:27     | Reached XP level 26. HP: 169/246 MP: 36/36
103533 | D:27     | Got an ancient chain mail
103553 | D:27     | Identified the +9 chain mail of Curiosity (You found it on level 27 of the Dungeon)
104611 | Snake:1  | Bought a +1 pair of dwarven gauntlets of strength for 245 gold pieces 105229
                  | trove
                  | Entered a treasure trove 105237
                  | trove
                  | Got a twisted helmet 105254
                  | trove
                  | Identified the -2 helmet "Cluab" (You found it in a treasure trove) 105271
                  | trove
                  | Got a scale-covered lance 105273
                  | trove
                  | Identified the +9,+6 Wyrmbane (You found it in a treasure trove)
106224 | Abyss    | Entered The Abyss
106910 | Abyss    | Noticed a sphinx simulacrum
106984 | Abyss    | Noticed a grey draconian monk
107000 | Abyss    | Killed a grey draconian monk
107102 | Abyss    | Noticed a reaper
107116 | Abyss    | Killed a reaper
107154 | Abyss    | Noticed a giant eyeball
107158 | Abyss    | Paralysed by a giant eyeball for 3 turns
107166 | Abyss    | Killed a giant eyeball
107217 | Abyss    | Noticed a mottled draconian
107227 | Abyss    | Killed a mottled draconian
107347 | Abyss    | Noticed a deep dwarf necromancer
107348 | Abyss    | Noticed a deep dwarf death knight
107348 | Abyss    | Noticed a deep dwarf
107348 | Abyss    | Noticed a deep dwarf
107349 | Abyss    | Noticed a deep dwarf
107363 | Abyss    | Killed a deep dwarf death knight
107367 | Abyss    | Killed a deep dwarf
107368 | Abyss    | Killed a deep dwarf
107372 | Abyss    | Killed a deep dwarf
107681 | Abyss    | Reached skill level 25 in Polearms
107780 | Abyss    | Noticed a phantasmal warrior
107781 | Abyss    | Noticed a phantasmal warrior
107784 | Abyss    | Noticed a shadow demon
107786 | Abyss    | Reached skill level 15 in Armour
107791 | Abyss    | Killed a phantasmal warrior
107794 | Abyss    | Killed a phantasmal warrior
107800 | Abyss    | Killed a shadow demon
107843 | Abyss    | Noticed an ancient lich
107852 | Abyss    | Killed an ancient lich
107881 | Abyss    | Identified a +0 elven cloak of preservation (You found it in the Abyss)
108148 | Abyss    | Noticed a daeva
108164 | Abyss    | Killed a daeva
108309 | Abyss    | Noticed a Pit Fiend
108358 | Abyss    | Noticed an ancient lich
108364 | Abyss    | Gained mutation: Your vision is a little blurry.
108365 | Abyss    | Gained mutation: You tend to lose your temper in combat.
108368 | Abyss    | Killed an ancient lich
108372 | Abyss    | Gained mutation: Space occasionally distorts in your vicinity.
108374 | Abyss    | Gained mutation: You often lose your temper in combat.
108389 | Abyss    | Lost mutation: Your vision is a little blurry.
108389 | Abyss    | Lost mutation: Your muscles are strong, but stiff (Str +1, Dex -1).
108389 | Abyss    | Lost mutation: You are dopey (Int -1).
108389 | Abyss    | Lost mutation: You often lose your temper in combat.
108389 | Abyss    | Lost mutation: Space occasionally distorts in your vicinity.
108517 | Abyss    | Noticed a jelly
108522 | Abyss    | Killed a jelly
108856 | Abyss    | Noticed a clay golem
108861 | Abyss    | Killed a clay golem
109172 | Abyss    | Noticed a silent spectre
109177 | Abyss    | Killed a silent spectre
109242 | Abyss    | Noticed a daeva
109373 | Abyss    | Lost mutation: You are agile (Dex +1).
109475 | Abyss    | Noticed a tormentor
109486 | Abyss    | Killed a tormentor
110080 | Abyss    | Found a snail-covered altar of Cheibriados.
110361 | Abyss    | Lost mutation: You tend to lose your temper in combat.
110361 | Abyss    | Lost mutation: You are resistant to hostile enchantments.
110411 | Abyss    | Noticed a hellephant
110433 | Abyss    | Killed a hellephant
110834 | Abyss    | Found a corrupted altar of Lugonu.
110881 | Abyss    | Found a corrupted altar of Lugonu.
111054 | Abyss    | Noticed a green ugly thing
111056 | Abyss    | Noticed a green ugly thing
111057 | Abyss    | Noticed a green ugly thing
111063 | Abyss    | Killed a green ugly thing
111071 | Abyss    | Killed a green ugly thing
111076 | Abyss    | Killed a purple ugly thing
111141 | Abyss    | Gained mutation: Your magical capacity is low (-10% MP).
111149 | Abyss    | Gained mutation: You are dopey (Int -1).
111182 | Abyss    | Found a shimmering altar of Xom.
111188 | Abyss    | Found a shimmering altar of Xom.
111188 | Abyss    | Found a shimmering altar of Xom.
111189 | Abyss    | Found a shimmering altar of Xom.
111190 | Abyss    | Found a corrupted altar of Lugonu.
111190 | Abyss    | Found a shimmering altar of Xom.
111191 | Abyss    | Found a shimmering altar of Xom.
111192 | Abyss    | Found a shimmering altar of Xom.
111192 | Abyss    | Found a shimmering altar of Xom.
111193 | Abyss    | Found a shimmering altar of Xom.
111193 | Abyss    | Found a shimmering altar of Xom.
111193 | Abyss    | Found a shimmering altar of Xom.
111193 | Abyss    | Found a shimmering altar of Xom.
111193 | Abyss    | Found a shimmering altar of Xom.
111193 | Abyss    | Found a shimmering altar of Xom.
111193 | Abyss    | Found a shimmering altar of Xom.
111194 | Abyss    | Found a shimmering altar of Xom.
111197 | Abyss    | Found a shimmering altar of Xom.
111197 | Abyss    | Found a shimmering altar of Xom.
111197 | Abyss    | Found a shimmering altar of Xom.
111197 | Abyss    | Found a shimmering altar of Xom.
111197 | Abyss    | Found a shimmering altar of Xom.
111197 | Abyss    | Found a shimmering altar of Xom.
111197 | Abyss    | Found a shimmering altar of Xom.
111197 | Abyss    | Found a shimmering altar of Xom.
111197 | Abyss    | Found a shimmering altar of Xom.
111197 | Abyss    | Found a corrupted altar of Lugonu.
111197 | Abyss    | Found a shimmering altar of Xom.
111197 | Abyss    | Found a shimmering altar of Xom.
111197 | Abyss    | Found a shimmering altar of Xom.
111197 | Abyss    | Found a shimmering altar of Xom.
111197 | Abyss    | Found a shimmering altar of Xom.
111197 | Abyss    | Found a shimmering altar of Xom.
111197 | Abyss    | Found a shimmering altar of Xom.
111359 | Abyss    | Noticed a hellephant
111360 | Abyss    | Reached skill level 5 in Evocations
111407 | Abyss    | Noticed a hellephant
111417 | Abyss    | Killed a hellephant
111423 | Abyss    | Got an abyssal rune of Zot
111424 | D:23     | You pass through the gate.
111578 | Hell     | Entered the Vestibule of Hell
111578 | Hell     | Noticed Geryon
112516 | Hell     | Noticed Murray
112843 | Hell     | Killed Geryon
113190 | Hell     | Killed Murray
113735 | D:23     | Reached XP level 27. HP: 166/257 MP: 32/32
114397 | Tomb:1   | Entered Level 1 of the Tomb of the Ancients
114485 | Tomb:1   | Paralysed by a sphinx for 6 turns
114514 | Tomb:1   | Reached skill level 26 in Polearms
118274 | Tomb:1   | Reached skill level 5 in Traps & Doors
119443 | Tomb:1   | Reached skill level 27 in Polearms
120185 | Tomb:2   | Got a slimy wooden ring
120187 | Tomb:2   | Identified the ring "Gienevug" (You found it on level 2 of the Tomb of the Ancients)
120216 | Tomb:2   | Gained mutation: You are dopey (Int -2).
120216 | Tomb:2   | Gained mutation: Your body is slowly deteriorating.
120643 | Tomb:3   | Entered Level 3 of the Tomb of the Ancients
121745 | Tomb:3   | Got a pair of twisted gloves
121762 | Tomb:3   | Got a crude sapphire amulet
121792 | Tomb:3   | HP: 9/257 [greater mummy/torment (4)]
121806 | Abyss    | Found a blossoming altar of Fedhas.
121991 | Tomb:3   | You pass through the gate.
122186 | Tomb:2   | Gained mutation: You are frail (-10% HP).
123556 | Lair:2   | Identified the cursed -4 pair of gloves of Lonekhli (You found it on level 3 of the Tomb of the Ancients)
123558 | Lair:2   | Identified the amulet of Ahaoj (You found it on level 3 of the Tomb of the Ancients)
125731 | Tomb:3   | Got a golden rune of Zot
125879 | Tomb:3   | Got a brightly glowing splint mail
125907 | Tomb:2   | Identified the +6 splint mail of Agiullezox (You took it off a mummy priest on level 3 of the Tomb of the Ancients)
126419 | Lair:2   | Lost mutation: You are dopey (Int -2).
126419 | Lair:2   | Lost mutation: You are dopey (Int -1).
126419 | Lair:2   | Lost mutation: Your magical capacity is low (-10% MP).
126419 | Lair:2   | Lost mutation: You are frail (-10% HP).
128084 | Zot:5    | Entered Level 5 of the Realm of Zot
128925 | Zot:5    | Noticed an ancient lich
128926 | Zot:5    | Noticed an ancient lich
128932 | Zot:5    | Killed an ancient lich
128983 | Zot:5    | Noticed an orb of fire
128986 | Zot:5    | Gained mutation: You are somewhat resistant to further mutation.
128996 | Zot:5    | Killed an ancient lich
128997 | Zot:5    | Noticed an ancient lich
129000 | Zot:5    | Gained mutation: You tend to lose your temper in combat.
129009 | Zot:5    | Killed an orb of fire
129019 | Zot:5    | Killed an ancient lich
129811 | Zot:5    | Noticed an ancient lich
129820 | Zot:5    | Killed an ancient lich
129828 | Zot:5    | Noticed an ancient lich
129871 | Zot:5    | Got the Orb of Zot
129873 | Zot:5    | You pass through the gate.
130917 | D:$      | Escaped with the Orb!
